 Dungeon Crawl Stone Soup version 0.16.2-12-gd0ad4c3 (webtiles) character file.

5280 faibistes the Thaumaturge (level 10, -10/54 HPs)
             Began as a Deep Elf Wizard on Mar 26, 2018.
             Was an Elder of Sif Muna.
             Killed from afar by an efreet (20 damage)
             ... with a fireball
             ... on level 9 of the Dungeon on Mar 27, 2018.
             The game lasted 00:39:38 (12456 turns).

faibistes the Thaumaturge (Deep Elf Wizard)        Turns: 12456, Time: 00:39:38

Health: -10/54     AC: 11    Str:  4    XL:     10   Next: 37%
Magic:  26/31      EV: 15    Int: 27    God:    Sif Muna [****..]
Gold:   442        SH:  0    Dex: 13    Spells: 8 memorised, 7 levels left

rFire  . . .     SeeInvis .     w - +3 dagger (flame)
rCold  + . .     Clarity  +     t - +2 robe {rC+}
rNeg   . . .     SustAb   .     (no shield)
rPois  .         Gourm    .     b - +0 hat
rElec  .         Spirit   .     B - +0 cloak
rCorr  .         Warding  .     x - +1 pair of gloves (curse)
rMut   .         Stasis   .     G - +1 pair of boots
MR     +....                    v - amulet of clarity
Stlth  ++........               (no ring)
                                O - +2 ring of protection

@: repel missiles, somewhat resistant to hostile enchantments, unstealthy
A: no striking features
a: Channel Energy, Forget Spell, Renounce Religion


You were on level 9 of the Dungeon.
You worshipped Sif Muna.
Sif Muna was greatly pleased with you.
You were hungry.

You visited 2 branches of the dungeon, and saw 11 of its levels.

You collected 442 gold pieces.

Inventory:

Hand weapons
 e - a +0 club
 h - a +0 short sword
 i - a +0 dagger
 w - a +3 dagger of flaming (weapon)
 K - a +2 hand axe of chopping
Armour
 a - a +0 robe
 b - a +0 hat (worn)
 t - a +2 robe of cold resistance (worn)
 x - a cursed +1 pair of gloves (worn)
 B - a +0 cloak (worn)
 G - a +1 pair of boots (worn)
Magical staves
 V - an uncursed staff of conjuration
Jewellery
 m - an uncursed ring of fire
 u - a +1 ring of slaying
 v - an amulet of clarity (around neck)
 F - an uncursed ring of wizardry
 O - a +2 ring of protection (left hand)
Magical devices
 k - a wand of random effects (25)
 r - a wand of confusion (14)
 L - a wand of slowing (27)
 M - a wand of digging (4)
 S - a wand of magic darts (31)
Scrolls
 g - 6 scrolls of teleportation
 l - 3 scrolls of magic mapping
 q - 2 scrolls of blinking
 A - a scroll of fear
 R - 2 scrolls of remove curse
 U - a scroll of amnesia {unknown}
 W - a scroll of enchant weapon
Potions
 f - 2 potions of magic
 j - a potion of lignification
 o - 4 potions of heal wounds
 s - a potion of berserk rage
 z - 2 potions of might
 C - 3 potions of curing
 D - a potion of agility
 H - a potion of cancellation
 J - a potion of resistance {unknown}
 P - 2 potions of brilliance {unknown}
 Q - a potion of haste {unknown}
Books
 c - a book of Minor Magic

   Spells                             Type                      Level
   a - Magic Dart                     Conjuration                  1
   b - Blink                          Translocation                2
   c - Call Imp                       Summoning                    2
   d - Repel Missiles                 Charms/Air                   2
   e - Slow                           Hexes                        2
   f - Conjure Flame                  Conjuration/Fire             3
   g - Mephitic Cloud                 Conjuration/Poison/Air       3
 y - a book of Party Tricks

   Spells                             Type                      Level
   a - Summon Butterflies             Summoning                    1
   b - Apportation                    Translocation                1
   c - Tukima's Dance                 Hexes                        3
   d - Alistair's Intoxication        Transmutation/Poison         4
   e - Invisibility                   Hexes                        6
 N - a book of Alchemy

   Spells                             Type                      Level
   a - Sublimation of Blood           Necromancy                   2
   b - Alistair's Intoxication        Transmutation/Poison         4
   c - Condensation Shield            Ice                          4
   d - Petrify                        Transmutation/Earth          4
   e - Ignite Poison                  Fire/Transmutation           5
   f - Irradiate                      Conjuration/Transmutation    5
Comestibles
 d - 5 bread rations
 n - 5 beef jerkies
 p - 6 meat rations
 E - 2 slices of pizza
 I - 2 royal jellies
 T - a chunk of flesh


   Skills:
 + Level 2.5 Fighting
 + Level 6.4 Dodging
 - Level 2.4 Stealth
 * Level 10.4 Spellcasting
 + Level 6.2 Conjurations
 + Level 1.7 Charms
 - Level 4.0 Summonings
 + Level 3.5 Translocations
 - Level 3.2 Transmutations
 * Level 4.4 Fire Magic
 - Level 4.0 Air Magic
 * Level 5.0 Earth Magic
 - Level 2.6 Poison Magic
 * Level 2.6 Invocations
 + Level 2.8 Evocations


You had 7 spell levels left.
You knew the following spells:

 Your Spells              Type           Power        Failure   Level  Hunger
a - Magic Dart            Conj           ####         1%          1    None
b - Conjure Flame         Conj/Fire      #####...     1%          3    None
c - Call Imp              Summ           #####...     1%          2    None
d - Blink                 Tloc           N/A          1%          2    None
e - Mephitic Cloud        Conj/Pois/Air  #####...     2%          3    None
f - Repel Missiles        Chrm/Air       ####..       1%          2    None
g - Petrify               Trmt/Erth      #####...     10%         4    None
i - Ignite Poison         Fire/Trmt      #####.....   28%         5    ###....


Dungeon Overview and Level Annotations

Branches:
Dungeon (10/15)            Temple (1/1) D:6            Lair (0/8) D:9
    Orc: D:9-12

Altars:
Ashenzari
Cheibriados
Dithmenos
Elyvilon
Fedhas
Gozag
Kikubaaqudgha
Makhleb
Nemelex Xobeh
Okawaru
Qazlal
Ru
Sif Muna
Trog
Vehumet
Xom
Yredelemnul
Zin
The Shining One


Message History

The magic dart hits the efreet.
The efreet is lightly wounded.
Casting: Magic Dart
Confirm with . or Enter, or press ? or * to list all spells.
Aiming: Magic Dart
Press: ? - help, Shift-Dir - straight line, f/p - efreet
Aim: an efreet, wielding a scimitar of flaming (lightly wounded)
The magic dart hits the efreet.
The efreet is lightly wounded.
The efreet gestures at you.
The fireball explodes!
The fireball engulfs you!
* * * LOW HITPOINT WARNING * * *
Put on which piece of jewellery? (? for menu, Esc to quit)
You're wearing all the rings you can.
Remove which one? (? for menu, Esc to cancel) < or
O - a +2 ring of protection; > or
F - a ring of wizardry You remove your ring of wizardry.
The efreet gestures at you.
The fireball explodes!
The fireball engulfs you!
You die...

# ### ### .... .... ##..##
.........###
##....##...........#
##......#...........# #
#.......[...........# .##
#..........R§.......#
##.######.......)..........<#
#...............@...........#
.#.............######.......#
...##.........###............
...>.........###.......).....
#.##.........###.............#
.............................#
#.............................#
....#.........................
##.............##......#.....


You could see an efreet.

Vanquished Creatures
  Joseph (D:7)
  A troll (D:9)
  10 yaks
  2 hippogriffs
  Menkaure (D:7)
  A sky beast (D:9)
  An orc warrior (D:8)
  2 wasps
  2 ice beasts
  A black bear (D:7)
  2 ogres (D:10)
  3 boring beetles
  Sigmund (D:3)
  4 centaurs
  2 giant frogs
  2 big kobolds
  2 scorpions
  An electric eel (D:8)
  3 killer bees (D:7)
  2 goliath beetles
  4 crimson imps
  3 hounds
  Crazy Yiuf (D:3)
  2 jellies (D:5)
  An iguana (D:9)
  3 centaur zombies
  15 worker ants
  Ijyb (D:7)
  Terence (D:3)
  3 gnolls
  A worker ant zombie (D:5)
  10 adders
  6 worms
  An adder zombie (D:6)
  An adder skeleton (D:5)
  2 giant geckos
  An ooze (D:4)
  21 orcs
  11 bats
  2 bat zombies (D:5)
  7 giant cockroaches
  12 goblins
  18 hobgoblins
  4 quokkas
  A giant newt (D:5)
  3 giant spores
  18 jackals
  A jackal skeleton (D:7)
  25 kobolds
  A quokka skeleton (D:9)
  13 rats
  3 ballistomycetes
  A butterfly (D:6)
241 creatures vanquished.

Vanquished Creatures (collateral kills)
  The ghost of faibistes the Magician, an average DEWz (D:3)
  An adder (D:2)
  A worm (D:2)
  2 jackals (D:2)
5 creatures vanquished.

Vanquished Creatures (others)
  2 ballistomycetes (D:6)
2 creatures vanquished.

Grand Total: 248 creatures vanquished

Notes
Turn   | Place    | Note
--------------------------------------------------------------
     0 | D:1      | faibistes, the Deep Elf Wizard, began the quest for the Orb.
     0 | D:1      | Reached XP level 1. HP: 10/10 MP: 6/6
   480 | D:1      | Reached XP level 2. HP: 15/15 MP: 5/10
   592 | D:1      | Learned a level 2 spell: Blink
   595 | D:1      | Learned a level 2 spell: Call Imp
   994 | D:2      | Reached skill level 5 in Spellcasting
  1629 | D:2      | Reached XP level 3. HP: 1/19 MP: 8/14
  1656 | D:2      | Found an opulent altar of Gozag.
  1663 | D:2      | Learned a level 3 spell: Conjure Flame
  1667 | D:2      | Learned a level 3 spell: Mephitic Cloud
  1924 | D:3      | Noticed Sigmund
  2284 | D:3      | Killed Sigmund
  2284 | D:3      | Reached skill level 6 in Spellcasting
  2284 | D:3      | Reached XP level 4. HP: 24/24 MP: 0/18
  2317 | D:2      | Learned a level 2 spell: Repel Missiles
  2490 | D:3      | Noticed Terence
  2495 | D:3      | Reached XP level 5. HP: 24/28 MP: 11/20
  2505 | D:3      | Killed Terence
  2648 | D:2      | Found a sparkling altar of Nemelex Xobeh.
  3258 | D:3      | Found an ancient bone altar of Kikubaaqudgha.
  3289 | D:3      | Found a burning altar of Makhleb.
  3788 | D:3      | Noticed Crazy Yiuf
  3803 | D:3      | Killed Crazy Yiuf
  4088 | D:3      | Noticed faibistes' ghost (average DEWz)
  4140 | D:3      | Killed faibistes' ghost
  4140 | D:3      | Reached skill level 7 in Spellcasting
  4140 | D:3      | Reached XP level 6. HP: 26/32 MP: 14/23
  4665 | D:4      | Found a radiant altar of Vehumet.
  4738 | D:5      | Entered Level 5 of the Dungeon
  5461 | D:5      | Reached XP level 7. HP: 34/37 MP: 16/25
  5547 | D:5      | Reached skill level 1 in Fighting
  5547 | D:5      | Reached skill level 1 in Evocations
  5614 | D:5      | Reached skill level 8 in Spellcasting
  5988 | D:5      | Reached skill level 5 in Dodging
  6128 | D:5      | Noticed a moth of wrath
  6129 | D:5      | Found a bloodstained altar of Trog.
  6328 | D:5      | Found a blossoming altar of Fedhas.
  6352 | D:5      | Found a deep blue altar of Sif Muna.
  6356 | D:5      | Became a worshipper of Sif Muna the Loreminder
  6366 | D:5      | Learned a level 4 spell: Petrify
  7055 | D:6      | Reached skill level 1 in Air Magic
  7055 | D:6      | Reached skill level 1 in Earth Magic
  7092 | D:6      | Reached XP level 8. HP: 33/44 MP: 11/27
  7093 | D:6      | Found a staircase to the Ecumenical Temple.
  7093 | D:6      | Noticed a yak
  7103 | D:6      | Noticed a yak
  7105 | Temple   | Entered the Ecumenical Temple
  7597 | D:6      | Noticed a yak
  7607 | D:6      | Found a sacrificial altar of Ru.
  7617 | D:6      | Reached skill level 1 in Fire Magic
  7703 | D:6      | Noticed a yak
  7733 | D:6      | Killed a yak
  7733 | D:6      | Acquired Sif Muna's first power
  7733 | D:6      | Reached skill level 1 in Poison Magic
  7733 | D:6      | Killed a yak
  7752 | D:6      | Killed a yak
  7752 | D:6      | Reached skill level 9 in Spellcasting
  7754 | D:6      | Killed a yak
  7950 | D:6      | Acquired Sif Muna's second power
  8204 | D:6      | Found a glowing silver altar of Zin.
  8424 | D:6      | Reached skill level 5 in Conjurations
  8502 | D:7      | Noticed Joseph
  8545 | D:7      | Killed Joseph
  8545 | D:7      | Reached XP level 9. HP: 39/48 MP: 12/29
  8652 | D:7      | Noticed a hippogriff
  8665 | D:7      | Killed a hippogriff
  9226 | D:7      | Noticed Ijyb
  9226 | D:7      | Noticed Menkaure
  9266 | D:7      | Killed Menkaure
  9274 | D:7      | Killed Ijyb
 10082 | D:7      | Found a shadowy altar of Dithmenos.
 10221 | D:8      | Found a basalt altar of Yredelemnul.
 10571 | D:8      | Reached skill level 1 in Transmutations
 10571 | D:8      | Reached skill level 1 in Invocations
 10946 | D:8      | Learned a level 5 spell: Ignite Poison
 10950 | D:9      | Reached skill level 10 in Spellcasting
 11478 | D:10     | Entered Level 10 of the Dungeon
 11581 | D:10     | Reached XP level 10. HP: 53/53 MP: 25/31
 11894 | D:9      | Acquired Sif Muna's third power
 11894 | D:9      | Reached skill level 1 in Charms
 12213 | D:9      | Reached skill level 5 in Earth Magic
 12357 | D:9      | Found a shattered altar of Ashenzari.
 12382 | D:9      | Found a staircase to the Lair.
 12456 | D:9      | Killed from afar by an efreet

Action                   |  1- 3 |  4- 6 |  7- 9 | 10-12 || total
-------------------------+-------+-------+-------+-------++-------
Melee: Club              |     4 |       |       |       ||     4
       Dagger            |       |     8 |   121 |    31 ||   160
 Cast: Magic Dart        |    95 |   189 |   315 |    19 ||   618
       Call Imp          |     2 |     7 |       |       ||     9
       Mephitic Cloud    |     5 |     6 |    44 |     3 ||    58
       Repel Missiles    |       |     3 |       |       ||     3
       Conjure Flame     |       |     4 |    33 |    16 ||    53
       Blink             |       |     3 |     1 |       ||     4
       Ignite Poison     |       |       |     6 |       ||     6
Evoke: Wand              |       |       |     1 |       ||     1
  Use: Scroll            |     1 |     6 |    14 |       ||    21
       Potion            |     1 |     1 |       |       ||     2
 Stab: Sleeping          |       |     2 |       |       ||     2
       Confused          |       |       |    11 |     2 ||    13
  Eat: Chunk             |     4 |    10 |    20 |     2 ||    36
